 Dungeon Crawl Stone Soup version 0.31-a0-18-gea43df2a32 (webtiles) character file.

Game seed: 548841291002780504

8985 pk666 the Thaumaturge (level 11, -4/54 HPs)
             Began as a Deep Elf Hedge Wizard on May 11, 2023.
             Was a Believer of Vehumet.
             Killed from afar by Maggie (24 damage)
             ... with a bolt of fire
             ... on level 9 of the Dungeon.
             The game lasted 01:11:55 (15886 turns).

pk666 the Thaumaturge (Deep Elf Hedge Wizard)      Turns: 15886, Time: 01:11:55

Health: -4/54      AC:  5    Str:  7    XL:     11   Next: 17%
Magic:  19/28      EV: 35    Int: 24    God:    Vehumet [**....]
Gold:   546        SH:  0    Dex: 14    Spells: 19/33 levels left

rFire   . . .        G - +3 dagger (venom)
rCold   . . .        (no shield)
rNeg    . . .        b - +0 robe
rPois   .            c - +0 hat
rElec   .            u - +0 cloak
rCorr   .            i - +0 pair of gloves
SInv    +            M - +0 pair of boots
Will    +....        B - amulet of the acrobat
Stlth   ++           m - +5 ring of evasion
HPRegen 0.29/turn    q - ring of see invisible
MPRegen 0.21/turn

%: acrobat
@: acrobatic
A: no striking features
a: Renounce Religion


You were on level 9 of the Dungeon.
You worshipped Vehumet.
Vehumet was pleased with you.
You visited 2 branches of the dungeon, and saw 11 of its levels.

You collected 546 gold pieces.

Inventory:

Hand Weapons
 G - a +3 dagger of venom (weapon)
Armour
 b - a +0 robe (worn)
 c - a +0 hat (worn)
 i - a +0 pair of gloves (worn)
 u - a +0 cloak (worn)
 M - a +0 pair of boots (worn)
Jewellery
 h - a ring of flight
 m - a +5 ring of evasion (left hand)
 q - a ring of see invisible (right hand)
 r - a +6 ring of dexterity
 s - a ring of resist corrosion
 B - an amulet of the acrobat (around neck)
 F - a +6 ring of dexterity
 K - a ring of positive energy
 P - a +6 ring of strength
Wands
 I - a wand of flame (20)
 J - a wand of polymorph (4)
 O - a wand of quicksilver (3)
Scrolls
 g - 3 scrolls of fear
 j - a scroll of identify
 l - 2 scrolls of blinking
 o - 2 scrolls of immolation {unknown}
 p - 2 scrolls of enchant weapon
 v - 4 scrolls of magic mapping
 w - a scroll of amnesia {unknown}
 x - 3 scrolls of brand weapon
 y - 2 scrolls of noise {unknown}
 A - 2 scrolls of teleportation {unknown}
 C - a scroll of silence {unknown}
 H - a scroll of vulnerability {unknown}
Potions
 a - a potion of mutation {unknown}
 d - a potion of magic
 e - 3 potions of lignification
 f - 7 potions of brilliance
 k - 3 potions of attraction
 n - a potion of flight {unknown}
 t - 2 potions of haste
 z - 4 potions of might
 D - 3 potions of cancellation
 E - a potion of ambrosia {unknown}
 L - 2 potions of resistance
 N - a potion of heal wounds {unknown}
 Q - a potion of curing {unknown}


   Skills:
 + Level 8.2 Dodging
 - Level 2.4 Stealth
 + Level 11.9 Spellcasting
 + Level 9.3 Conjurations
 - Level 1.1 Summonings
 - Level 2.5 Translocations
 + Level 9.7 Fire Magic
 - Level 3.9 Air Magic
 - Level 4.4 Poison Magic


You had 19 spell levels left.
You knew the following spells:

 Your Spells              Type           Power      Damage    Failure   Level
a - Magic Dart            Conj           100%       1d8       1%          1
b - Blink                 Tloc           52%        N/A       2%          2
c - Mephitic Cloud        Conj/Pois/Air  42%        N/A       1%          3
d - Scorch                Fire           100%       2d9       1%          2
e - Searing Ray           Conj           100%       2d8       1%          2
f - Flame Wave            Conj/Fire      56%        2d13      1%          4

Your spell library contained the following spells:

 Spells                   Type           Power      Damage    Failure   Level
 Kiss of Death            Conj/Necr      100%       2d13      1%          1
 Cigotuvi's Dreadful Rot  Necr/Pois/Air  54%        N/A       1%          2
 Dazzling Flash           Conj/Hex       72%        N/A       1%          3
 Inner Flame              Hex/Fire       37%        N/A       1%          3
 Vhi's Electric Charge    Tloc/Air       58%        N/A       3%          3
 Necrotise                Necr           56%        1d6       4%          1
 Slow                     Hex            56%        N/A       4%          1
 Call Imp                 Summ           38%        N/A       4%          2
 Gell's Gravitas          Tloc           26%        N/A       4%          3
 Teleport Other           Tloc           26%        N/A       4%          3
 Fulminant Prism          Conj/Hex       18%        3d10      6%          4
 Arcjolt                  Conj/Air       23%        1d33      8%          5
 Frozen Ramparts          Ice            28%        1d5       13%         3
 Vampiric Draining        Necr           14%        2d7       13%         3
 Summon Ice Beast         Ice/Summ       16%        N/A       34%         4
 Ice Form                 Ice/Tmut       14%        N/A       41%         4
 Silence                  Hex/Air        11%        N/A       47%         5
 Agony                    Necr           14%        N/A       77%         5
 Yara's Violent Unravell  Hex/Tmut       7%         3d5       77%         5
 Dispersal                Tloc           13%        N/A       93%         6
 Summon Cactus Giant      Summ           9%         N/A       99%         6
 Enfeeble                 Hex            7%         N/A       100%        7
 Maxwell's Capacitive Co  Air            16%        ∞         100%        8


Dungeon Overview and Level Annotations

Branches:
Dungeon (10/15)            Temple (1/1) D:5
   Lair: D:8-11         Orc: D:9-12

Altars:
Ashenzari
Cheibriados
Dithmenos
Elyvilon
Fedhas
Gozag
Hepliaklqana
Kikubaaqudgha
Makhleb
Nemelex Xobeh
Okawaru
Qazlal
Ru
Sif Muna
Trog
Uskayaw
Vehumet
Wu Jian
Xom
Yredelemnul
Zin
The Shining One

Shops:
D:7 [   D:8 :   D:10 [(

Annotations:
D:9 Maggie
D:10 Grum


Message History

There is an open door here.
You feel stable enough to blink again.
You completely miss the yak.
The yak is moderately wounded.
The yak completely misses you.
You hit the yak.
The yak is moderately wounded.
The yak gores you!
Maggie casts a spell.
Maggie attempts to bespell you! You resist with almost no effort.
Casting: Scorch (safe; 1% risk of failure)
Confirm with . or Enter, or press ? or * to list all spells.
Casting: Flame Wave (dangerous; 1% risk of failure)
Press: ? - help, Dir - look around, f - activate A wave of flame ripples out!
The flame wave engulfs the yak!!
The yak is burned terribly!
You kill the yak!
Vehumet accepts your kill.
You feel your power returning. (Press . to intensify the flame waves.)
A wave of flame ripples out!
The flame wave engulfs the yak.
The yak is almost dead.
The flame wave engulfs Maggie!
Maggie is lightly wounded.
The yak completely misses you.
A wave of flame ripples out!
The flame wave engulfs the yak!
You kill the yak!
Vehumet accepts your kill.
The flame wave engulfs Maggie!
Maggie is moderately wounded.
You finish channelling waves of flame.
Maggie casts a spell at you. The bolt of fire misses you.
Casting: Flame Wave (dangerous; 1% risk of failure)
Confirm with . or Enter, or press ? or * to list all spells.
You can't see any susceptible monsters within range! (Use Z to cast anyway.)
You close the door, pushing everything out of the way.
Maggie casts a spell at you. The bolt of fire hits you!!
You die...

#...@.#..# #..#...##..
#########+###.#### #....###..#
#.....# #.# #....# #.####...##
#.....###.# #@##.###......###.
#.........###.##.#.....######.
#.............##...########...
###.##........###......##...##
#.##..............##....###
#.##.......@......#######
#.##............[.###
#.#######...........# #.#
###'#####...# #.# #.# #...#
#####.### #.# #...# #.......#
###'#####...#
#.......#####........[..#
#.......................#


You could see Maggie.

Vanquished Creatures
  Erica (D:9)
  Joseph (D:8)
  A gargoyle (D:9)
  A komodo dragon (D:9)
  A troll (D:9)
  Prince Ribbit (D:7)
  9 yaks
  A wyvern (D:10)
  A vampire (D:8)
  2 steam dragons
  An acid dragon (D:9)
  A warg (D:10)
  5 water moccasins
  3 black bears
  Duvessa (D:5)
  A sky beast (D:5)
  2 orc warriors
  3 ogres
  A phantom (D:5)
  2 wolves (D:9)
  4 centaurs
  3 kobold brigands
  5 bullfrogs
  A gnoll sergeant (D:9)
  A scorpion (D:4)
  20 wights
  Dowan (D:5)
  10 killer bees
  2 howler monkeys
  4 orc priests
  Crazy Yiuf (D:3)
  2 hounds
  A jelly (D:6)
  A gnoll bouda (D:5)
  An iguana (D:5)
  6 orc wizards
  A sleepcap (D:4)
  Robin (D:3)
  12 gnolls
  11 adders
  2 shadow imps (D:7)
  2 white imps
  3 worms (D:2)
  2 dart slugs (D:1)
  21 orcs
  11 endoplasms
  3 giant cockroaches
  17 goblins
  10 hobgoblins
  4 jackals
  5 quokkas
  5 ball pythons
  6 bats
  3 frilled lizards
  23 kobolds
  5 rats
249 creatures vanquished.

Notes
Turn   | Place    | Note
-------+----------+-------------------------------------------
     0 | D:1      | pk666 the Deep Elf Hedge Wizard began the quest for the
                  | Orb.
     0 | D:1      | Reached XP level 1. HP: 10/10 MP: 7/7
     2 | D:1      | Noticed an elf
     4 | D:1      | Noticed a vampire
     4 | D:1      | Noticed a merfolk
     6 | D:1      | Noticed a meteoran
     8 | D:1      | Noticed a naga
     8 | D:1      | Noticed a draconian
    10 | D:1      | Noticed a gargoyle
    10 | D:1      | Noticed a demonspawn
    12 | D:1      | Noticed a minotaur
    12 | D:1      | Noticed an ogre
    14 | D:1      | Noticed a felid
    14 | D:1      | Noticed a tengu
    16 | D:1      | Noticed a troll
    16 | D:1      | Noticed a demigod
    18 | D:1      | Noticed a vine stalker
    18 | D:1      | Noticed a spriggan
    20 | D:1      | Noticed a human
    20 | D:1      | Noticed a ghoul
    22 | D:1      | Noticed a formicid
    24 | D:1      | Noticed an armataur
    24 | D:1      | Noticed an ogre
    26 | D:1      | Noticed a felid
    26 | D:1      | Noticed an elf
   373 | D:1      | Reached XP level 2. HP: 15/15 MP: 2/9
   502 | D:1      | Reached skill level 5 in Spellcasting
   505 | D:1      | Learned a level 2 spell: Blink
   756 | D:1      | Reached XP level 3. HP: 19/19 MP: 5/11
  1810 | D:2      | Reached XP level 4. HP: 24/24 MP: 4/13
  2008 | D:2      | Learned a level 3 spell: Mephitic Cloud
  2816 | D:2      | Reached skill level 6 in Spellcasting
  2886 | D:3      | Noticed Robin
  2891 | D:3      | Killed Robin
  2892 | D:3      | Reached XP level 5. HP: 25/28 MP: 6/15
  3205 | D:3      | Learned a level 2 spell: Scorch
  3761 | D:3      | Found a faded altar of an unknown god.
  3926 | D:3      | Noticed an ogre
  3935 | D:3      | Killed an ogre
  3936 | D:3      | Reached skill level 1 in Fire Magic
  3936 | D:3      | Reached skill level 1 in Poison Magic
  3936 | D:3      | Reached XP level 6. HP: 26/32 MP: 0/17
  4034 | D:3      | Reached skill level 1 in Air Magic
  4206 | D:3      | Found a runed translucent door.
  4207 | D:3      | Noticed Crazy Yiuf
  4215 | D:3      | Killed Crazy Yiuf
  5360 | D:4      | Learned a level 2 spell: Searing Ray
  5363 | D:5      | Entered Level 5 of the Dungeon
  5399 | D:5      | Reached XP level 7. HP: 36/36 MP: 10/19
  5537 | D:5      | Reached skill level 7 in Spellcasting
  6146 | D:5      | Reached XP level 8. HP: 40/41 MP: 6/21
  6286 | D:5      | Noticed Dowan
  6302 | D:5      | Killed Dowan
  6303 | D:5      | Reached skill level 5 in Conjurations
  6312 | D:5      | Noticed Duvessa
  6334 | D:5      | Killed Duvessa
  6335 | D:5      | Reached skill level 5 in Fire Magic
  6564 | D:5      | Found a staircase to the Ecumenical Temple.
  6573 | Temple   | Entered the Ecumenical Temple
  6766 | Temple   | Became a worshipper of Vehumet
  7063 | D:5      | Found a basalt altar of Yredelemnul.
  7064 | D:5      | Found a sparkling altar of Nemelex Xobeh.
  7413 | D:5      | Learned a level 4 spell: Flame Wave
  7463 | D:6      | Reached skill level 8 in Spellcasting
  8843 | D:7      | Reached XP level 9. HP: 45/45 MP: 17/23
  8878 | D:7      | Noticed Prince Ribbit
  9003 | D:7      | Killed Prince Ribbit
  9005 | D:7      | Reached * piety under Vehumet
  9005 | D:7      | Offered knowledge of Freeze by Vehumet.
  9395 | D:7      | Found Xuedelesm's Antique Armour Boutique.
  9619 | D:7      | Reached skill level 9 in Spellcasting
 10962 | D:8      | Reached skill level 5 in Dodging
 11191 | D:8      | Reached skill level 10 in Spellcasting
 11211 | D:7      | Reached XP level 10. HP: 43/50 MP: 4/26
 11348 | D:8      | Noticed Joseph
 11432 | D:8      | Found a glowing golden altar of the Shining One.
 11491 | D:8      | Found Gorysuyn's Book Emporium.
 12014 | D:8      | Reached ** piety under Vehumet
 12083 | D:8      | Offered knowledge of Kiss of Death by Vehumet.
 12144 | D:8      | Killed Joseph
 12927 | D:9      | Noticed Erolcha
 13469 | D:9      | Reached skill level 11 in Spellcasting
 13476 | D:9      | Noticed Erica
 13619 | D:9      | Killed Erica
 13721 | D:9      | Found a stormy altar of Qazlal.
 14593 | D:10     | Entered Level 10 of the Dungeon
 14593 | D:10     | Found Hiekhlad's Antique Armour Shoppe.
 14594 | D:10     | Noticed Maggie
 15200 | D:9      | Reached XP level 11. HP: 54/54 MP: 11/28
 15376 | D:10     | Noticed Grum
 15820 | D:10     | Found Diewuiwk's Antique Weapon Emporium.
 15886 | D:9      | Killed from afar by Maggie

Illustrated notes

Levels and vault maps discovered:
D:1:      kb_arrival_jail, layout_loops_ring
D:2:      minmay_spotlight, layout_basic, minmay_tromino_v7
D:3:      layout_loops_corners, ebering_ecumenical_altar_ruins,
          minmay_quantized, uniq_crazy_yiuf_cottage, uniq_robin
D:4:      layout_cave_pools, kennysheep_generic_room_7
D:5:      layout_loops_ring, nicolae_overflow_squiral, minmay_temple_entry_mist,
          uniq_duvessa
D:6:      layout_basic
D:7:      layout_loops_ring, serial_shops, nicolae_shop_trees,
          minmay_door_square, uniq_prince_ribbit1
D:8:      layout_rooms, lemuel_crystal_altar, serial_shops, shop, uniq_joseph
D:9:      minmay_evil_eye, layout_basic, nicolae_qazlal_style_of_elements,
          uniq_erolcha, uniq_erica
D:10:     layout_cave_pools, due_lair_maze_entry_diamond, erik_orc_4,
          serial_shops, nicolae_shop_behind_doors, nicolae_stop_n_shop_1,
          corner_web_ring, minmay_increasing_density, uniq_maggie, uniq_grum
Temple:   nicolae_temple_bog_church

Skill      XL: |  1  2  3  4  5  6  7  8  9 10 11 |
---------------+----------------------------------+-----
Spellcasting   | 5 6 7 8 10 11 | 11.9
Conjurations   | 2 3 4 5 7 9 |  9.3
Translocations | 2 |  2.5
Fire Magic     | 1 3 4 6 8 9 |  9.7
Poison Magic   | 1 2 3 4 |  4.4
Air Magic      | 1 2 3 |  3.9
Dodging        | 5 7 8 |  8.2
Stealth        | |  2.4
Summonings     | |  1.1

Action                     |  1- 3 |  4- 6 |  7- 9 | 10-12 || total
---------------------------+-------+-------+-------+-------++-------
  Melee: Dagger            |    11 |    10 |    50 |    22 ||    93
   Cast: Magic Dart        |   102 |   185 |   142 |    87 ||   516
         Scorch            |       |    12 |    21 |    28 ||    61
         Mephitic Cloud    |       |     5 |    23 |    31 ||    59
         Searing Ray       |       |     4 |    99 |    84 ||   187
         Blink             |       |     3 |     5 |    10 ||    18
         Flame Wave        |       |       |    21 |    25 ||    46
    Use: Scroll            |       |       |     7 |     7 ||    14
   Stab: Sleeping          |       |     1 |       |       ||     1
         Confused          |       |       |     6 |     3 ||     9
 Armour: Robe              |    12 |     5 |     9 |     8 ||    34
  Dodge: Dodged            |    38 |    37 |   131 |   180 ||   386

Table legend: (Time is in decaauts)
 A = Elapsed time spent in this place.
 B = Non-inter-level travel time spent in this place.
 C = Inter-level travel time spent in this place.
 D = Time resting spent in this place.
 E = Time spent auto-exploring this place.
 F = Levels seen in this place.
 G = Mean time per level.
                   A        B        C        D        E       F      G
               +--------+--------+--------+--------+--------+-----+--------+
         Total |  15934 |  14905 |   1029 |   5987 |   6343 |  11 | 1448.5 |
       Dungeon |  15646 |  14635 |   1011 |   5922 |   6177 |  10 | 1564.6 |
        Temple |    288 |    270 |     18 |     65 |    166 |   1 |  288.0 |
               +--------+--------+--------+--------+--------+-----+--------+

Top non-repeatable levels by time:
     D:7: 2743 daAuts
     D:9: 2692 daAuts
     D:3: 1615 daAuts
     D:5: 1511 daAuts
     D:2: 1508 daAuts
     D:6: 1439 daAuts
     D:1: 1439 daAuts
     D:8: 1423 daAuts
     D:4: 1088 daAuts
  Temple: 288 daAuts
    D:10: 183 daAuts
